[Event "Titled Tuesday Blitz August 22 Early 2023"]
[White "NovoselovRoman"]
[Black "JeRoma71"]
[WhiteElo "2568"]
[BlackElo "2876"]
[Result "0-1"]
[Round "3"]
[TimeControl "180+1"]
[Date "2023.08.22"]
[WhiteClock "0:00:00"]
[BlackClock "0:00:38"]
[Board "58"]

1. e4 e6 2. d4 d5 3. Nc3 Bb4 4. exd5 exd5 5. Bd3 Nc6 6. Ne2 Nge7 7. Bg5 f6 8. Bh4 Bf5 9. Bg3 Qd7 10. O-O O-O 11. a3 Bxc3 12. bxc3 b6 13. c4 Na5 14. cxd5 Nxd5 15. c4 Ne7 16. Re1 Rfe8 17. Rc1 Rad8 18. d5 Nb7 19. Nd4 Bxd3 20. Qxd3 Nc5 21. Qf3 Ng6 22. h4 Ne5 23. Bxe5 fxe5 24. Nc6 e4 25. Qh5 Nd3 26. Nxd8 Qxd8 27. Rcd1 Nxe1 28. Rxe1 Qe7 29. Re3 a5 30. Qg4 Qe5 31. h5 h6 32. g3 Re7 33. Kg2 Re8 34. Kh2 Qb2 35. Kg2 Rf8 36. Re2 Qxa3 37. Qxe4 Qd6 38. Qd4 Qf6 39. Qe4 Qf5 40. Qe7 Qxh5 41. Kg1 Qf7 42. Qh4 Qf3 43. Qe7 a4 44. Qe6+ Kh8 0-1


[Site "https://www.chess.com"]

[Event "Titled Tuesday Blitz August 22 Early 2023"]
[White "Rustemov, Alexander"]
[Black "Nazaretyan, Tigran"]
[WhiteFideId "4119002"]
[BlackFideId "24162345"]
[WhiteElo "2869"]
[BlackElo "2555"]
[Result "1-0"]
[Round "3"]
[TimeControl "180+1"]
[Date "2023.08.22"]
[WhiteClock "0:00:08"]
[BlackClock "0:00:00"]
[Board "59"]

1. d4 Nf6 2. c4 d6 3. Nf3 g6 4. g3 Bg7 5. Bg2 O-O 6. O-O Nbd7 7. Nc3 e5 8. e4 c6 9. h3 a5 10. Be3 Re8 11. Qc2 a4 12. Rfe1 Qa5 13. Rad1 exd4 14. Nxd4 Nc5 15. Bf4 a3 16. b3 Bf8 17. Nde2 Qc7 18. g4 h5 19. f3 hxg4 20. hxg4 Nfd7 21. g5 Ne5 22. Kf2 Bg7 23. Rh1 Be6 24. Kg3 Rad8 25. Rh4 f5 26. gxf6 Bxf6 27. Rh6 Bg7 28. Rh2 Rf8 29. Bg5 Rd7 30. Nd4 Rdf7 31. b4 Bxc4 32. f4 Bd3 33. Qc1 Nc4 34. bxc5 Bxd4 35. Rxd3 dxc5 36. Ne2 Bf6 37. Bxf6 Rxf6 38. Qxc4+ R8f7 39. e5 g5 40. exf6 b5 41. Qe6 gxf4+ 42. Nxf4 c4 43. Rd6 c3 44. Be4 b4 45. Kf3 c5 46. Rg2+ Kf8 47. Qg4 Rxf6 48. Qg8+ Ke7 49. Rg7+ Kxd6 50. Rxc7 Kxc7 51. Qg7+ Rf7 52. Qxf7+ Kb6 53. Qc4 c2 54. Bxc2 b3 55. Bxb3 Ka5 56. Qxc5+ Ka6 57. Qxa3+ Kb6 58. Qb4+ Kc7 59. Bd5 Kd7 60. Qb7+ Kd6 61. Qc6+ Ke5 62. Qe6+ Kd4 63. Qe4+ Kc3 64. Ne2+ Kb2 65. a4 Ka3 66. a5 Kb2 67. a6 Ka1 68. a7 Kb2 69. Qd4+ Kc2 70. Be4+ Kb3 71. Qc3+ 1-0


[Site "https://www.chess.com"]

[Event "Titled Tuesday Blitz August 22 Early 2023"]
[White "Zemlyanskii, Ivan"]
[Black "Budrewicz, Krzysztof"]
[WhiteFideId "24249971"]
[BlackFideId "1127950"]
[WhiteElo "2835"]
[BlackElo "2545"]
[Result "1-0"]
[Round "3"]
[TimeControl "180+1"]
[Date "2023.08.22"]
[WhiteClock "0:00:06"]
[BlackClock "0:00:00"]
[Board "60"]

1. d4 g6 2. c4 Bg7 3. Nc3 d6 4. e4 Nf6 5. Nf3 O-O 6. Be2 Nbd7 7. O-O e5 8. Qc2 c6 9. d5 cxd5 10. cxd5 a6 11. a4 Nh5 12. g3 h6 13. Bd2 Ndf6 14. Nh4 Bh3 15. Ng2 Ng4 16. Nd1 f5 17. f3 Qb6+ 18. Kh1 Ngf6 19. Nf2 Bxg2+ 20. Kxg2 Rac8 21. Qb1 Rf7 22. a5 Qd4 23. Bc3 Qe3 24. Qd3 Qg5 25. Kh1 Rcf8 26. Bd2 Nxg3+ 27. hxg3 Qxg3 28. f4 exf4 29. exf5 gxf5 30. Qxg3 fxg3 31. Nh3 Ne4 32. Bf4 Bxb2 33. Rab1 Be5 34. Rb3 Bxf4 35. Nxf4 Nd2 36. Rxg3+ Kh7 37. Rfg1 Ne4 38. Rg6 Rf6 39. Rxf6 Rxf6 40. Bd3 Rf7 41. Rb1 Re7 42. Rb6 Kg7 43. Kg2 Kf6 44. Bxe4 Rxe4 45. Rxd6+ Ke5 46. Re6+ Kxf4 47. Rxe4+ fxe4 48. d6 e3 49. d7 e2 50. Kf2 e1=Q+ 51. Kxe1 1-0


[Site "https://www.chess.com"]

[Event "Titled Tuesday Blitz August 22 Early 2023"]
[White "Willy, Stephen"]
[Black "Putnam, Liam"]
[WhiteFideId "30981468"]
[BlackFideId "30938279"]
[WhiteElo "2548"]
[BlackElo "2826"]
[Result "1-0"]
[Round "3"]
[TimeControl "180+1"]
[Date "2023.08.22"]
[WhiteClock "0:00:48"]
[BlackClock "0:02:20"]
[Board "61"]

1. e4 e6 2. d4 d5 3. Nc3 Nf6 4. e5 Nfd7 5. f4 c5 6. Nf3 Nc6 7. Be3 a6 8. Qd2 b5 9. a3 Be7 10. Be2 O-O 11. O-O Qb6 12. Kh1 cxd4 13. Nxd4 Bc5 14. Rad1 Bb7 15. Bf3 Rac8 16. Qf2 Nxd4 17. Bxd4 Bxd4 18. Qxd4 Qxd4 19. Rxd4 Rc7 20. g3 Rfc8 21. Kg2 Nb6 22. Be2 Nc4 23. Bxc4 Rxc4 24. Rfd1 a5 25. Nxb5 Rxc2+ 26. R1d2 Ba6 27. Nc3 Rxd2+ 28. Rxd2 Bc4 29. Kf2 Kf8 30. Ke3 Ke7 31. Rc2 Bb3 32. Nxd5+ Kd8 33. Rxc8+ Kxc8 34. Nc3 Kc7 35. Kd4 Kc6 36. Ne4 Bd5 37. Ng5 f5 38. exf6 gxf6 39. Nxh7 f5 40. Ng5 Kb5 41. h4 Ka4 42. h5 Kb3 43. h6 Kxb2 44. h7 Kxa3 45. h8=Q Kb3 46. Qb8+ Ka2 47. Kc3 1-0


[Site "https://www.chess.com"]

[Event "Titled Tuesday Blitz August 22 Early 2023"]
[White "Yanchenko, Roman"]
[Black "Jovic, Stanoje"]
[WhiteFideId "4137329"]
[BlackFideId "905020"]
[WhiteElo "2815"]
[BlackElo "2535"]
[Result "1-0"]
[Round "3"]
[TimeControl "180+1"]
[Date "2023.08.22"]
[WhiteClock "0:01:28"]
[BlackClock "0:00:00"]
[Board "62"]

1. d4 Nf6 2. Bf4 d5 3. e3 e6 4. c4 Bd6 5. Bg3 O-O 6. Nc3 b6 7. cxd5 exd5 8. Bd3 a6 9. Nge2 Re8 10. Rc1 Bg4 11. Qc2 Nbd7 12. Bxd6 cxd6 13. Nf4 Rc8 14. h3 Be6 15. Bxa6 Rc7 16. O-O g5 17. Nfe2 Qe7 18. Bd3 Kg7 19. Qd2 h6 20. f4 Bxh3 21. gxh3 Qxe3+ 22. Qxe3 Rxe3 23. fxg5 hxg5 24. Bf5 Nf8 25. Kf2 Rce7 26. Rg1 Kh6 27. Rg3 Rxg3 28. Nxg3 Ng6 29. Bxg6 Kxg6 30. Re1 Rc7 31. Ke3 b5 32. a3 Rb7 33. b4 Rb8 34. Kd3 Rh8 35. Rh1 Rh4 36. Nxb5 Nh5 37. Nxh5 Rxh5 38. Nc3 g4 39. Ne2 1-0


[Site "https://www.chess.com"]

[Event "Titled Tuesday Blitz August 22 Early 2023"]
[White "realmadridfc123"]
[Black "Mekhane, Adam"]
[BlackFideId "36050601"]
[WhiteElo "2800"]
[BlackElo "2530"]
[Result "0-1"]
[Round "3"]
[TimeControl "180+1"]
[Date "2023.08.22"]
[WhiteClock "0:00:24"]
[BlackClock "0:00:09"]
[Board "63"]

1. c4 Nf6 2. Nc3 e6 3. e4 c5 4. e5 Ng8 5. Nf3 Nc6 6. Ne4 d6 7. exd6 Bxd6 8. Nxd6+ Qxd6 9. b3 Nf6 10. Bb2 e5 11. d3 O-O 12. Be2 Bf5 13. O-O Rad8 14. Qe1 Rfe8 15. Rd1 Nb4 16. a3 Nxd3 17. Bxd3 Bxd3 18. Qe3 e4 19. Ne1 Ng4 20. Qh3 Qxh2+ 21. Qxh2 Nxh2 22. Kxh2 Bxf1 23. Rc1 Rd2 24. Bc3 Ra2 25. Nc2 Bd3 26. Ne3 Rxf2 27. b4 Re2 28. Nf5 Rc2 29. Rxc2 Bxc2 30. Nxg7 Rc8 31. b5 Rd8 32. Nh5 Rd3 33. Nf6+ Kf8 34. Nxh7+ Ke7 35. Be1 Rxa3 36. Bf2 e3 37. Bh4+ Ke6 38. Kg3 Bd1 39. Ng5+ Kf5 40. Nxf7 Be2 41. Nd6+ Ke6 42. Nxb7 Bxc4 43. Nxc5+ Kd5 44. Nd7 e2+ 45. Kf2 Ra1 46. Nf6+ Ke5 47. Ng4+ Kf4 0-1


[Site "https://www.chess.com"]

[Event "Titled Tuesday Blitz August 22 Early 2023"]
[White "Al-Tarboush, Ward"]
[Black "Kourkoulos-Arditis, Stamatis"]
[WhiteFideId "7601450"]
[BlackFideId "4221990"]
[WhiteElo "2517"]
[BlackElo "2725"]
[Result "1-0"]
[Round "3"]
[TimeControl "180+1"]
[Date "2023.08.22"]
[WhiteClock "0:02:17"]
[BlackClock "0:02:27"]
[Board "64"]

1. e4 c5 2. Nf3 e6 3. d4 cxd4 4. Nxd4 Nc6 5. Nc3 Qc7 6. Be3 a6 7. Qd2 Nf6 8. O-O-O Be7 9. f3 Nxd4 10. Qxd4 b5 11. g4 Bb7 12. g5 Nh5 13. Bh3 Rc8 14. Bg4 Nf4 15. Qxg7 Rf8 16. Bxf4 Qxf4+ 17. Kb1 Qxg5 18. Qd4 Qc5 19. Qxd7# 1-0


[Site "https://www.chess.com"]

[Event "Titled Tuesday Blitz August 22 Early 2023"]
[White "Sanduleac, Vasile"]
[Black "Timmermans, Mark"]
[WhiteFideId "13900161"]
[BlackFideId "1026399"]
[WhiteElo "2503"]
[BlackElo "2713"]
[Result "1-0"]
[Round "3"]
[TimeControl "180+1"]
[Date "2023.08.22"]
[WhiteClock "0:00:22"]
[BlackClock "0:00:12"]
[Board "65"]

1. e4 e5 2. Nf3 Nc6 3. Bc4 Nf6 4. d3 Be7 5. c3 O-O 6. Nbd2 d5 7. Bb3 Bg4 8. h3 Bh5 9. Qe2 dxe4 10. dxe4 Nd7 11. Nf1 Nc5 12. Bc2 Bg6 13. Ng3 Ne6 14. Nf5 Nf4 15. Bxf4 exf4 16. O-O Re8 17. Rfd1 Qc8 18. Qd2 Bxf5 19. exf5 Bd6 20. Re1 Qd7 21. Qd5 Rab8 22. Bb3 Rf8 23. Rad1 Ne7 24. Qd4 Qxf5 25. Qxa7 Nc6 26. Qa4 Ra8 27. Qe4 Qh5 28. a3 h6 29. Bd5 Rab8 30. b4 Ra8 31. Ra1 Ne7 32. Bxb7 Ra7 33. Bc6 Kh8 34. Qd4 Nxc6 35. Qc4 Ne7 36. a4 Qd5 37. Qe2 Rfa8 38. a5 Ng6 39. Rad1 Qc6 40. Qd3 Rd8 41. Nd4 Qd5 42. Nb5 Qxd3 43. Rxd3 Raa8 44. Red1 Ne5 45. Rd4 Nc6 46. R4d3 Be5 47. Rxd8+ Nxd8 48. Rd5 f6 49. Rd7 Kg8 50. Nxc7 Rc8 51. Nd5 Kf8 52. a6 Nc6 53. b5 Na5 54. b6 f3 55. gxf3 Ra8 56. b7 Rxa6 57. Rd8+ Kf7 58. b8=Q Bxb8 59. Rxb8 Rd6 60. Rb5 Nc4 61. Ne3 Rd3 62. Nxc4 Rxc3 63. Ne3 Rd3 64. Kg2 h5 65. Rb7+ Kg8 66. h4 g6 67. Nc4 Rd4 68. Ne3 Rxh4 69. Kg3 Rd4 70. f4 f5 71. Kf3 Kf8 72. Rc7 Kg8 73. Nc4 h4 74. Ne5 Rd6 75. Rc6 Rd4 76. Rxg6+ Kh7 77. Rg5 Ra4 78. Rh5+ Kg7 79. Rxh4 Kf6 80. Kg2 Re4 81. Nf3 Rc4 82. Rh6+ Kg7 83. Rh4 Kg6 84. Kg3 Kf6 85. Rh6+ Kg7 86. Rd6 Ra4 87. Rd4 Ra3 88. Rd5 Kf6 89. Re5 Ra4 90. Kg2 Rxf4 91. Re3 Ra4 92. Nd2 Rd4 93. Nf3 Rb4 94. Rc3 Ra4 95. Kh3 Rb4 96. Kg3 Rg4+ 97. Kh3 Rb4 98. Nh4 Kg5 99. Rg3+ Kf6 100. Rg6+ Ke5 101. Rc6 Rf4 102. Ng6+ Kd5 103. Nxf4+ Kxc6 104. Kh4 Kd6 105. Kg5 Ke5 106. f3 Kd4 107. Kxf5 Ke3 108. Kg4 1-0


[Site "https://www.chess.com"]

[Event "Titled Tuesday Blitz August 22 Early 2023"]
[White "carokannlover213"]
[Black "Herzog2012"]
[WhiteElo "2709"]
[BlackElo "2447"]
[Result "1-0"]
[Round "3"]
[TimeControl "180+1"]
[Date "2023.08.22"]
[WhiteClock "0:00:03"]
[BlackClock "0:00:03"]
[Board "66"]

1. e4 c5 2. Nf3 Nc6 3. Bb5 g6 4. O-O Bg7 5. c3 Nf6 6. Re1 O-O 7. d4 d5 8. e5 Ne4 9. Be3 cxd4 10. cxd4 Qb6 11. Bxc6 Qxc6 12. h3 f6 13. exf6 exf6 14. Nbd2 Bf5 15. Nxe4 dxe4 16. Nd2 Be6 17. Nb3 b6 18. Rc1 Qd7 19. Qd2 Rac8 20. Bf4 Rxc1 21. Rxc1 Rc8 22. Rxc8+ Qxc8 23. d5 Bf7 24. d6 Qd7 25. Nc1 g5 26. Bg3 h6 27. h4 Be6 28. Ne2 Bxa2 29. Nc3 Be6 30. hxg5 hxg5 31. Nxe4 Kf7 32. Nc3 Qc6 33. Qd1 Kg6 34. Qd3+ Bf5 35. Qe2 Bf8 36. Qd2 Be6 37. Qd3+ f5 38. Be5 Qc5 39. Qe2 Bxd6 40. Bd4 Qc4 41. Qd2 Bf4 42. Be3 Bxe3 43. Qxe3 f4 44. Qe5 Qc6 45. Ne4 Bf5 46. Nd6 Qd7 47. g3 Qe6 48. Qd4 Qe1+ 49. Kg2 Qe6 50. gxf4 gxf4 51. Qxf4 Qd5+ 52. Kg3 Be6 53. Ne4 Qf5 54. Qe3 Qe5+ 55. f4 Qxb2 56. Ng5 Bf7 57. Qe4+ Kg7 58. Qh7+ Kf8 59. Qxf7# 1-0


[Site "https://www.chess.com"]

[Event "Titled Tuesday Blitz August 22 Early 2023"]
[White "Skliarov, Viktor"]
[Black "Manukian, Artak"]
[WhiteFideId "14106736"]
[BlackFideId "13301373"]
[WhiteElo "2685"]
[BlackElo "2398"]
[Result "1-0"]
[Round "3"]
[TimeControl "180+1"]
[Date "2023.08.22"]
[WhiteClock "0:01:02"]
[BlackClock "0:01:17"]
[Board "67"]

1. e4 c6 2. d4 d5 3. e5 Bf5 4. Nf3 e6 5. Be2 c5 6. Be3 Qb6 7. Nc3 Qxb2 8. Qb1 Qxb1+ 9. Rxb1 c4 10. Rxb7 Bxc2 11. Kd2 Bg6 12. Bd1 Na6 13. Ba4+ Kd8 14. Nh4 Ne7 15. Nxg6 hxg6 16. Bg5 Rh5 17. Bxe7+ Bxe7 18. Rd7+ 1-0


[Site "https://www.chess.com"]

[Event "Titled Tuesday Blitz August 22 Early 2023"]
[White "Korchmar, Vasiliy"]
[Black "Nosacheva, Mariya"]
[WhiteFideId "24131750"]
[BlackFideId "34111422"]
[WhiteElo "2681"]
[BlackElo "2414"]
[Result "1-0"]
[Round "3"]
[TimeControl "180+1"]
[Date "2023.08.22"]
[WhiteClock "0:00:20"]
[BlackClock "0:00:00"]
[Board "68"]

1. e4 c5 2. d4 cxd4 3. Qxd4 Nc6 4. Qd3 Nf6 5. Nc3 d6 6. Nf3 g6 7. Be2 Bg7 8. O-O O-O 9. Nd5 Be6 10. Bg5 Bxd5 11. exd5 Nb4 12. Qb3 Nbxd5 13. Qxb7 Rb8 14. Qxa7 Rxb2 15. Bd3 Qa8 16. Qd4 Rfb8 17. a3 Nd7 18. Qh4 Nc5 19. Bxe7 Nxe7 20. Qxe7 Nxd3 21. cxd3 R2b7 22. Qe1 Bxa1 23. Qxa1 Rb2 24. Ng5 d5 25. h4 h6 26. Nf3 Qa6 27. Ne5 Qd6 28. d4 Rd2 29. a4 Rbb2 30. a5 Qa6 31. Qc1 Rbc2 32. Qb1 Rb2 33. Qe1 Qxa5 34. Nf3 Qc3 35. Qe8+ Kg7 36. Qe5+ Kg8 37. h5 Re2 38. Qf6 1-0


[Site "https://www.chess.com"]

[Event "Titled Tuesday Blitz August 22 Early 2023"]
[White "Alex_Sahakyan2006"]
[Black "Labussiere, Yago"]
[BlackFideId "2186969"]
[WhiteElo "2676"]
[BlackElo "2392"]
[Result "1-0"]
[Round "3"]
[TimeControl "180+1"]
[Date "2023.08.22"]
[WhiteClock "0:00:24"]
[BlackClock "0:00:00"]
[Board "69"]

1. e4 c5 2. Nc3 Nc6 3. Bb5 Nd4 4. Nf3 e6 5. O-O Ne7 6. Nxd4 cxd4 7. Ne2 Nc6 8. c3 Bc5 9. b4 Bb6 10. Bb2 dxc3 11. Bxc3 O-O 12. e5 d5 13. d4 f6 14. exf6 Qxf6 15. Qd3 Bd7 16. Rae1 a6 17. Ba4 Rf7 18. Bc2 g6 19. f4 Raf8 20. Kh1 Ne7 21. a4 Nf5 22. g3 Nd6 23. Ng1 Ne4 24. Nf3 Rc8 25. Bb2 Be8 26. Ne5 Rfc7 27. Bb3 Qe7 28. Rxe4 dxe4 29. Qxe4 Rd8 30. Rd1 Kf8 31. h4 Qxb4 32. Rd3 Qe7 33. h5 gxh5 34. f5 Kg7 35. fxe6 1-0


[Site "https://www.chess.com"]

[Event "Titled Tuesday Blitz August 22 Early 2023"]
[White "Rakhimzhan_Alen"]
[Black "Gutkin, Ilya"]
[BlackFideId "16203470"]
[WhiteElo "2655"]
[BlackElo "2378"]
[Result "1-0"]
[Round "3"]
[TimeControl "180+1"]
[Date "2023.08.22"]
[WhiteClock "0:00:49"]
[BlackClock "0:00:01"]
[Board "70"]

1. Nf3 d5 2. g3 g6 3. Bg2 Bg7 4. d4 Nh6 5. O-O O-O 6. b3 Nf5 7. Bb2 a5 8. a3 a4 9. b4 Nd7 10. Nbd2 Nb6 11. c4 dxc4 12. e4 Nd6 13. Qc2 c6 14. Ne5 Nb5 15. Ndf3 Be6 16. Rfd1 c3 17. Bxc3 Bb3 18. Qb2 Bxd1 19. Rxd1 Nxc3 20. Qxc3 Qc7 21. h4 Rfd8 22. h5 Nd7 23. Nxf7 Rf8 24. N7g5 Qb6 25. Qc4+ Kh8 26. hxg6 Qb5 27. Qe6 Bf6 28. Nxh7 Rfd8 29. Qh3 Kg7 30. Bf1 Rh8 31. Bxb5 cxb5 32. Qxd7 Kxg6 33. Nxf6 e6 34. Qxe6 1-0


[Site "https://www.chess.com"]

[Event "Titled Tuesday Blitz August 22 Early 2023"]
[White "Battlecruiser_Operational"]
[Black "Frolyanov, Dmitry"]
[BlackFideId "4151976"]
[WhiteElo "2338"]
[BlackElo "2633"]
[Result "0-1"]
[Round "3"]
[TimeControl "180+1"]
[Date "2023.08.22"]
[WhiteClock "0:00:18"]
[BlackClock "0:01:19"]
[Board "71"]

1. e4 e5 2. Nf3 Nf6 3. d4 Nxe4 4. Bd3 Nc6 5. Bxe4 d5 6. Bd3 e4 7. Be2 exf3 8. Bxf3 Bd6 9. c3 O-O 10. O-O Ne7 11. Bg5 c6 12. Nd2 Qc7 13. h3 h6 14. Bxe7 Qxe7 15. Re1 Qg5 16. Kf1 Bf5 17. Nb3 Qf4 18. Bg4 Qh2 19. Bxf5 Rae8 20. Re3 Qh1+ 21. Ke2 Qxg2 22. Qg1 Rxe3+ 23. Kxe3 Re8+ 24. Kd2 Bf4+ 25. Kc2 Re2+ 26. Kd3 Qf3# 0-1


[Site "https://www.chess.com"]

[Event "Titled Tuesday Blitz August 22 Early 2023"]
[White "Aslanov, Umid"]
[Black "Buraczewski, Rafal"]
[WhiteFideId "13412620"]
[BlackFideId "1155245"]
[WhiteElo "2626"]
[BlackElo "2121"]
[Result "1-0"]
[Round "3"]
[TimeControl "180+1"]
[Date "2023.08.22"]
[WhiteClock "0:00:39"]
[BlackClock "0:00:21"]
[Board "72"]

1. e4 e6 2. d4 d5 3. Nd2 Nf6 4. e5 Nfd7 5. Bd3 c5 6. c3 Nc6 7. Ne2 f6 8. exf6 Nxf6 9. O-O cxd4 10. cxd4 Bd6 11. Nf3 Qc7 12. g3 O-O 13. Bf4 e5 14. dxe5 Nxe5 15. Nxe5 Bxe5 16. Rc1 Qd6 17. Bxe5 Qxe5 18. Nf4 Kh8 19. Qc2 Ne4 20. Bxe4 dxe4 21. Rfe1 Bf5 22. Qb3 b6 23. Qd5 Qxb2 24. Rc7 Qb4 25. Rd1 e3 26. fxe3 Be4 27. Qe5 Rg8 28. Ne6 Rae8 29. Rxg7 Rxe6 30. Rxg8+ Kxg8 31. Qxe6+ 1-0


[Site "https://www.chess.com"]

[Event "Titled Tuesday Blitz August 22 Early 2023"]
[White "Sarana, Alexey"]
[Black "Dilmukhametov, Artur"]
[WhiteFideId "24133795"]
[BlackFideId "24179922"]
[WhiteElo "3024"]
[BlackElo "2175"]
[Result "1-0"]
[Round "3"]
[TimeControl "180+1"]
[Date "2023.08.22"]
[WhiteClock "0:01:35"]
[BlackClock "0:02:07"]
[Board "73"]

1. d4 d5 2. c4 c6 3. Nf3 Nf6 4. Nc3 a6 5. g3 Bf5 6. Bg2 e6 7. Nh4 Bg4 8. h3 Bh5 9. g4 Ne4 10. gxh5 Qxh4 11. Nxe4 dxe4 12. Qb3 Ra7 13. Qb6 Qd8 14. Qxa7 Bb4+ 15. Kf1 O-O 16. Qxb7 1-0


[Site "https://www.chess.com"]

[Event "Titled Tuesday Blitz August 22 Early 2023"]
[White "Drygalov, Sergey"]
[Black "Tikhonov, Viacheslav"]
[WhiteFideId "24171743"]
[BlackFideId "44196407"]
[WhiteElo "2963"]
[BlackElo "2513"]
[Result "1-0"]
[Round "3"]
[TimeControl "180+1"]
[Date "2023.08.22"]
[WhiteClock "0:02:43"]
[BlackClock "0:00:37"]
[Board "74"]

1. d4 Nf6 2. c4 e6 3. Nf3 d5 4. Nc3 c5 5. e3 dxc4 6. Bxc4 a6 7. O-O b5 8. Bb3 Bb7 9. Qe2 Nbd7 10. Rd1 c4 11. Bc2 b4 12. Na4 Rc8 13. e4 Qa5 14. e5 Nd5 15. Ng5 Be7 16. Qg4 h6 17. Nxf7 Kxf7 18. Bg6+ Kf8 19. Qxe6 Nxe5 20. dxe5 1-0


[Site "https://www.chess.com"]

[Event "Titled Tuesday Blitz August 22 Early 2023"]
[White "Zakhartsov, Vladimir"]
[Black "Goffredo_Fofi"]
[WhiteFideId "4145097"]
[WhiteElo "2907"]
[BlackElo "2511"]
[Result "1-0"]
[Round "3"]
[TimeControl "180+1"]
[Date "2023.08.22"]
[WhiteClock "0:01:35"]
[BlackClock "0:00:13"]
[Board "75"]

1. e4 g6 2. d4 Bg7 3. Nc3 c6 4. Nf3 d5 5. h3 dxe4 6. Nxe4 Nf6 7. Nxf6+ exf6 8. Bc4 O-O 9. O-O a5 10. a4 Na6 11. c3 Nc7 12. Bf4 Nd5 13. Bh2 Be6 14. Qb3 Qd7 15. Rfe1 Rfe8 16. Nd2 f5 17. Re2 f6 18. Rae1 Bf7 19. Rxe8+ Rxe8 20. Rxe8+ Bxe8 21. Nf1 Bf7 22. Bb8 Bf8 23. Ba7 b5 24. axb5 Qxa7 25. bxc6 a4 26. Qb5 Nc7 27. Qb7 Qa8 28. Bxf7+ Kxf7 29. Qxc7+ Be7 30. Qb7 Qxb7 31. cxb7 Bd6 32. c4 Ke7 33. c5 Bb8 34. d5 Kd7 35. Ne3 Kc7 36. c6 Ba7 37. Nc4 Bb8 38. Kf1 Ba7 39. f3 Bb8 40. Ke2 Ba7 41. Kd3 g5 42. Kc3 h5 43. Kb4 g4 44. Kxa4 1-0


[Site "https://www.chess.com"]

[Event "Titled Tuesday Blitz August 22 Early 2023"]
[White "FromTexas54"]
[Black "Moskalenko, Alexander"]
[BlackFideId "4155351"]
[WhiteElo "2509"]
[BlackElo "2885"]
[Result "0-1"]
[Round "3"]
[TimeControl "180+1"]
[Date "2023.08.22"]
[WhiteClock "0:02:16"]
[BlackClock "0:02:45"]
[Board "76"]

1. Nf3 c5 2. g3 g6 3. Bg2 Bg7 4. O-O Nc6 5. c3 e5 6. d3 d5 7. Nbd2 Nge7 8. e4 O-O 9. exd5 Nxd5 10. Re1 Re8 11. a4 h6 12. Nc4 b6 13. Qb3 Be6 14. Nfxe5 Nxe5 15. Nxe5 Nf4 16. Qc2 Nxg2 17. Kxg2 Qd5+ 18. Nf3 Bg4 19. Rxe8+ Rxe8 20. Qd1 Re1 21. Qxe1 Qxf3+ 22. Kg1 Bh3 23. Qe8+ Kh7 24. Qe4 Qd1+ 0-1


[Site "https://www.chess.com"]

[Event "Titled Tuesday Blitz August 22 Early 2023"]
[White "NovozhilovSemen"]
[Black "Ilamparthi A R"]
[BlackFideId "45015775"]
[WhiteElo "2507"]
[BlackElo "2871"]
[Result "0-1"]
[Round "3"]
[TimeControl "180+1"]
[Date "2023.08.22"]
[WhiteClock "0:00:08"]
[BlackClock "0:00:13"]
[Board "77"]

1. d4 d5 2. c4 e6 3. Nf3 Nf6 4. g3 Bb4+ 5. Bd2 Be7 6. Bg2 Ne4 7. O-O f5 8. Qc2 c6 9. Nc3 Nd7 10. h4 Ndf6 11. Bf4 O-O 12. Ne5 Qe8 13. Rac1 h6 14. Nxe4 Nxe4 15. f3 Nf6 16. e4 Nh5 17. Qd2 Nxf4 18. Qxf4 fxe4 19. Qe3 exf3 20. Rxf3 Bf6 21. Rcf1 b6 22. Ng4 Be7 23. cxd5 Rxf3 24. Bxf3 exd5 25. Re1 Bxg4 26. Bxg4 Qg6 27. Bd7 Bf6 28. Bxc6 Bxd4 29. Bxd5+ Kh8 30. Qxd4 Qxg3+ 31. Kf1 Rf8+ 32. Ke2 Re8+ 33. Be4 Qxh4 34. Kf1 Qf4+ 35. Kg2 Qg4+ 36. Kh2 Rf8 37. Qe3 Qh4+ 38. Kg1 Re8 39. Qf2 Qg5+ 40. Qg2 Qc5+ 41. Qf2 Qb4 42. Re2 Rxe4 43. Rd2 Rg4+ 44. Kh1 Rh4+ 45. Kg1 Qg4+ 46. Qg2 Qxg2+ 47. Kxg2 Rf4 48. Kg3 Rf6 49. Rd7 a5 50. a3 Kh7 51. b4 axb4 52. axb4 Rc6 53. Rd5 Rc4 54. Rb5 Rc6 55. Rd5 g5 56. b5 Rf6 57. Kg4 Kg6 58. Rd8 h5+ 59. Kg3 h4+ 60. Kh3 Rf3+ 61. Kg2 Rf6 62. Kh3 Kf5 63. Re8 Kf4 64. Re1 g4+ 65. Kh2 Kg5 66. Re7 Rf5 67. Rg7+ Kf4 68. Rh7 Rxb5 69. Rxh4 Rb2+ 0-1


[Site "https://www.chess.com"]

[Event "Titled Tuesday Blitz August 22 Early 2023"]
[White "Jones, Gawain C B"]
[Black "Warchol, Kamil"]
[WhiteFideId "409561"]
[BlackFideId "21858241"]
[WhiteElo "2864"]
[BlackElo "2507"]
[Result "1-0"]
[Round "3"]
[TimeControl "180+1"]
[Date "2023.08.22"]
[WhiteClock "0:00:04"]
[BlackClock "0:00:05"]
[Board "78"]

1. Nf3 d5 2. c4 d4 3. b4 c5 4. g3 Nf6 5. Bg2 e6 6. b5 Bd6 7. d3 O-O 8. a4 e5 9. Bg5 Nbd7 10. a5 h6 11. Bxf6 Nxf6 12. Nfd2 Rb8 13. O-O Re8 14. Ne4 Nxe4 15. Bxe4 f5 16. Bd5+ Be6 17. Nd2 Bc7 18. Bxe6+ Rxe6 19. Nb3 Qe7 20. e3 Rd8 21. e4 fxe4 22. dxe4 Rf6 23. Qd3 Rdf8 24. f3 Bd6 25. Ra2 Qf7 26. Raf2 Qh5 27. Kg2 g5 28. h3 Kh8 29. Ra1 Qf7 30. Nd2 Bc7 31. Ra3 h5 32. Ra1 Qe7 33. Nb3 Qd6 34. Raf1 Qe7 35. Qd2 R6f7 36. Nc1 Bd6 37. Nd3 Qf6 38. Qe2 Qg6 39. Rh1 Rg7 40. Kf1 Kg8 41. Ke1 Qf6 42. Kd1 Rgf7 43. Kc2 Qe6 44. Kb3 Be7 45. Rhf1 Bd6 46. f4 gxf4 47. gxf4 Qxh3 48. f5 Rg7 49. Rf3 Rg3 50. Rg1 h4 51. Qe1 Kf7 52. Rfxg3 hxg3 53. Rxg3 Qh6 54. Qg1 Rd8 55. Qg2 Bc7 56. Rg6 Qe3 57. Rg7+ Ke8 58. Qg6+ Kf8 59. Qf7# 1-0


[Site "https://www.chess.com"]

[Event "Titled Tuesday Blitz August 22 Early 2023"]
[White "Galchenko, Matvey"]
[Black "matenitian"]
[WhiteFideId "24175480"]
[WhiteElo "2851"]
[BlackElo "2507"]
[Result "1/2-1/2"]
[Round "3"]
[TimeControl "180+1"]
[Date "2023.08.22"]
[WhiteClock "0:00:08"]
[BlackClock "0:00:03"]
[Board "79"]

1. e4 e5 2. Nf3 Nc6 3. d4 exd4 4. Nxd4 Nf6 5. Nxc6 bxc6 6. e5 Qe7 7. Qe2 Nd5 8. h4 Bb7 9. c4 Nb6 10. Nd2 O-O-O 11. b3 f6 12. Nf3 fxe5 13. Bg5 Qb4+ 14. Bd2 Qa3 15. g3 Bb4 16. Bh3 e4 17. Ng5 Qb2 18. Rd1 Bxd2+ 19. Rxd2 Qa1+ 20. Qd1 Qxd1+ 21. Kxd1 Rde8 22. Re1 c5 23. Bf5 e3 24. Rxe3 Rxe3 25. fxe3 h6 26. Ne4 Rf8 27. Bg6 d6 28. Rf2 Rxf2 29. Nxf2 Bf3+ 30. Kd2 Kd7 31. e4 Ke6 32. Ke3 Kf6 33. Be8 Bg2 34. Ng4+ Ke7 35. Bg6 Nd7 36. Nf2 Ne5 37. Bh5 Kf6 38. Be2 g5 39. Nd1 Bh3 40. Nc3 c6 41. a3 gxh4 42. gxh4 Be6 43. Nd1 Bg4 44. Bxg4 Nxg4+ 45. Kf4 Ne5 46. h5 Nd3+ 47. Ke3 Ne5 48. Kf4 Nd3+ 49. Ke3 Ne5 50. Kf4 1/2-1/2


[Site "https://www.chess.com"]

[Event "Titled Tuesday Blitz August 22 Early 2023"]
[White "arenal72"]
[Black "Durarbayli, Vasif"]
[BlackFideId "13402935"]
[WhiteElo "2505"]
[BlackElo "2850"]
[Result "0-1"]
[Round "3"]
[TimeControl "180+1"]
[Date "2023.08.22"]
[WhiteClock "0:00:07"]
[BlackClock "0:00:40"]
[Board "80"]

1. e4 c5 2. Nf3 Nc6 3. d4 cxd4 4. Nxd4 Nf6 5. Nc3 e5 6. Ndb5 d6 7. Nd5 Nxd5 8. exd5 Ne7 9. a4 a6 10. Na3 Ng6 11. Be3 Be7 12. Nc4 O-O 13. Be2 f5 14. f3 Bh4+ 15. g3 Bg5 16. Bb6 Qe7 17. h4 Bf6 18. h5 Nh8 19. Qd2 Bd7 20. Qb4 Nf7 21. O-O-O Rfc8 22. Kb1 Qe8 23. b3 Qe7 24. Rhe1 e4 25. f4 Rc5 26. Bxc5 dxc5 27. Qb6 Qe8 28. a5 Bb5 29. Qxc5 Rc8 30. Nd6 Rxc5 31. Nxe8 Bxe8 32. c4 Rxa5 33. b4 Ra1+ 34. Kc2 Ba4+ 35. Kd2 Bxd1 36. Rxd1 Rxd1+ 37. Bxd1 Kf8 38. c5 Bd4 39. g4 fxg4 40. Bxg4 a5 41. bxa5 Bxc5 42. Bf5 e3+ 43. Kd3 h6 44. Bc8 Nd6 45. a6 bxa6 46. Bxa6 Ke7 47. Ke2 Kf6 48. Bd3 Nc8 49. Kf3 Nb6 50. Ke4 Ke7 51. Bb5 Kd6 52. Bc6 e2 0-1


[Site "https://www.chess.com"]